Map: Kairos Junction LE

Players

Maxilicious

  • Race: Terran Terran
  • Spawn Location: 5:00

A.I. 1 (Very Easy) - Winner!

  • Race: Protoss Protoss
  • Spawn Location: 11:00

VOD

Have the link to the VOD?

Description

Time

  • Played on: Jan. 10, 2019, 6:05 a.m.
  • Length: 5:46
Show
View Real Time Build Order
Export as new Build Order

Maxilicious Terran 

Build Orders: Gas First Reaper Expand 

Get SALT Encoding   

  12  0:00  SCV  
  13  0:13  SCV  
  14  0:17  Supply Depot  
  14  0:25  SCV  
  15  0:30  Refinery  
  15  0:39  SCV  
  16  0:46  Barracks  
  16  0:51  SCV  
  17  1:03  SCV  
  18  1:15  SCV  
  19  1:32  Orbital Command  
  19  1:33  Reaper  
  20  1:47  Command Center  
  20  1:58  SCV  
  21  2:04  Factory  
  21  2:07  Barracks Reactor  
  21  2:10  SCV  
  22  2:18  Supply Depot  
  22  2:23  SCV  
  22  2:25  Refinery  
  23  2:40  SCV  
  23  2:43  Marine x2  
  26  2:49  Starport  
  26  2:52  Factory Tech Lab  
  26  2:54  SCV  
  27  2:59  Orbital Command  
  27  3:03  Marine  
  27  3:04  Marine  
  29  3:06  SCV  
  30  3:15  Siege Tank  
  30  3:18  SCV  
  34  3:24  Marine  
  34  3:26  Supply Depot  
  35  3:27  Starport Tech Lab, Marine  
  35  3:31  SCV  
  35  3:33  SCV  
  38  3:39  Refinery  
  38  3:42  Marine  
  38  3:45  Marine  
  38  3:46  SCV x2  
  42  3:51  Banshee  
  45  3:58  SCV x2  
  47  4:03  Supply Depot  
  47  4:04  Siege Tank  
  47  4:06  Marine  
  47  4:08  Marine  
  52  4:12  SCV x2  
  54  4:24  SCV x2  
  54  4:26  Supply Depot, Marine x2  
  58  4:34  Banshee  
  61  4:41  Supply Depot, SCV  
  62  4:47  SCV, Siege Tank, Marine x2  
  68  4:57  Supply Depot, SCV  
  68  4:59  SCV  
  70  5:16  SCV  
  70  5:17  SCV  
  70  5:18  Marine x2  
  77  5:26  Command Center  
  77  5:27  Supply Depot  
  80  5:30  SCV x2  
Show
View Real Time Build Order
Export as new Build Order

A.I. 1 (Very Easy) Protoss - Winner!

Build Orders:  

Get SALT Encoding   

  12  0:00  Probe  
  13  0:13  Probe  
  14  0:20  Pylon  
  14  0:37  Assimilator  
  14  0:42  Gateway  
  14  0:46  Pylon  
  14  1:13  Assimilator  
  14  1:17  Probe  
  14  1:25  Probe  
  15  1:32  Cybernetics Core  
  16  1:33  Probe  
  17  1:43  Probe  
  18  1:54  Probe  
  18  1:58  Warp Gate  
  19  2:02  Probe  
  20  2:10  Stalker  
  22  4:10  Probe  
  22  5:17  Probe  
  22  5:25  Probe  
  22  5:28  Zealot  
  24  5:30  Pylon  
  24  5:32  Robotics Facility  
Tags
 
Add a new tag
Caveats
  • Supply blocks, unpowered buildings, or Contaminate may cause inaccurate times.
  • Supply counts are checked every 10 seconds.